 Dungeon Crawl Stone Soup version 0.22-a0-346-ga714374 (webtiles) character file.

8 Azzok the Vexing (level 2, -1/15 HPs)
             Began as a Deep Elf Enchanter on Apr 6, 2018.
             Slain by a quokka (2 damage)
             ... on level 1 of the Dungeon.
             The game lasted 00:01:35 (1227 turns).

Azzok the Vexing (Deep Elf Enchanter)               Turns: 1227, Time: 00:01:36

Health: -1/15      AC:  3    Str:  5    XL:     2   Next: 0%
Magic:  7/8        EV: 13    Int: 19    God:
Gold:   102        SH:  0    Dex: 15    Spells: 6/7 levels left

rFire    . . .     SeeInvis .   a - +1 dagger
rCold    . . .     Gourm    .   (no shield)
rNeg     . . .     Faith    .   b - +0 robe
rPois    .         Spirit   .   c - +0 helmet
rElec    .         Reflect  .   (no cloak)
rCorr    .         Harm     .   (no gloves)
MR       .....                  (no boots)
Stlth    +++.......             (no amulet)
HPRegen  0.05/turn              (no ring)
MPRegen  0.11/turn              (no ring)

@: no status effects
A: no striking features
a: no special abilities


You were on level 1 of the Dungeon.
You were hungry.

You visited 1 branch of the dungeon, and saw 2 of its levels.

You collected 102 gold pieces.

Inventory:

Hand Weapons
 a - a +1 dagger (weapon)
Armour
 b - a +0 robe (worn)
 c - a +0 helmet (worn)
Scrolls
 h - a scroll of teleportation {unknown}
 i - a scroll of identify {unknown}
 j - a scroll of remove curse {unknown}
 l - a scroll of random uselessness {unknown}
Potions
 f - a potion of might {unknown}
 g - a potion of mutation {unknown}
Comestibles
 d - 2 rations


   Skills:
 - Level 1.0 Short Blades
 - Level 2.4 Dodging
 + Level 4.1 Stealth
 - Level 3.0 Spellcasting
 + Level 4.4 Hexes


You had 6 spell levels left.
You knew the following spells:

 Your Spells              Type           Power        Failure   Level  Hunger
a - Corona                Hex            ###....      2%          1    None


Dungeon Overview and Level Annotations

Branches:
Dungeon (2/15)

Altars:


Message History

* * * LOW HITPOINT WARNING * * *
The quokka bites you but does no damage.
The quokka bites you.
* * * LOW HITPOINT WARNING * * *
Memorise Ensorcelled Hibernation, consuming 2 spell levels and leaving 4?
The quokka closely misses you.
You start memorising the spell.
You continue memorising.
The quokka bites you but does no damage.
Your memorisation is interrupted.
Casting: Corona (safe; 2% risk of failure)
Confirm with . or Enter, or press ? or * to list all spells.
You don't know that spell.
Casting: Corona (safe; 2% risk of failure)
Confirm with . or Enter, or press ? or * to list all spells.
Aiming: Corona (safe; 2% risk of failure)
Press: ? - help, Shift-Dir - straight line, f - quokka
Aim: a quokka (chance to defeat MR: 73%)
The quokka is outlined in light.
The quokka misses you. The quokka bites you.
You die...

▒············▒▒▒·▒
▒·▒▒▒▒▒▒▒▒▒>······
▒·▒ ▒·▒▒▒▒·▒ ▒·▒
▒·▒▒▒▒·· ▒·▒
▒▒▒▒······· ▒·▒
▒·····▒▒▒·▒ ▒·▒
▒·····▒ ▒·▒ ▒r▒
▒·····▒ ▒·▒ ▒@▒
▒·····▒ ▒·· ▒·▒
▒·····▒▒▒▒▒
▒·▒▒▒▒▒▒·····▒▒···
▒··········)·▒▒·▒▒
▒▒▒▒▒▒▒▒····[▒▒·▒
▒·····▒▒·▒▒
▒▒▒········
▒···)····
▒········


You could see a quokka.

Vanquished Creatures
  A ball python (D:2)
  2 goblins (D:1)
  2 hobgoblins (D:1)
  A kobold (D:1)
  A rat (D:1)
7 creatures vanquished.

Notes
Turn   | Place    | Note
-------+----------+-------------------------------------------
     0 | D:1      | Azzok the Deep Elf Enchanter began the quest for the Orb.
     0 | D:1      | Reached XP level 1. HP: 10/10 MP: 6/6
  1184 | D:2      | Reached XP level 2. HP: 12/15 MP: 5/8
  1227 | D:1      | Slain by a quokka

Vault maps used:
D:1:      denvon_arrival_planthouse
D:2:      nicolae_dithmenos_shadow_blocks, minivault_26

Skill      XL: |  1 |
---------------+----+-----
Stealth        | 4 |  4.1
Short Blades   | |  1.0
Dodging        | |  2.4
Spellcasting   | |  3.0
Hexes          | |  4.4

Action                   || total
-------------------------++-------
Melee: Dagger            ||    34
 Cast: Corona            ||    11
Armor: Robe              ||     9
Dodge: Dodged            ||    27

Table legend:
 A = Spawn XP
 B = Non-spawn XP
 C = Spawn XP percentage of total XP
 D = Spawn monster count
 E = Non-spawn monster count
 F = Spawn count percentage of total count
 G = Total turns spent on level
                    A         B        C        D         E        F      G
               +---------+---------+-------+---------+---------+-------+---------
         Total |       0 |      12 |   0.0 |       0 |       7 |   0.0 |  1227
               +---------+---------+-------+---------+---------+-------+---------
           D:1 |       0 |      10 |   0.0 |       0 |       6 |   0.0 |  1180
           D:2 |       0 |       2 |   0.0 |       0 |       1 |   0.0 |    47
               +---------+---------+-------+---------+---------+-------+---------
